 Dungeon Crawl Stone Soup version 0.25.0-9-g26727b657a (webtiles) character file.

Game seed: 17493224669515993174

16 funkygono the Firebug (level 2, 0/15 HPs)
             Began as a Gargoyle Fire Elementalist on June 21, 2020.
             Slain by an adder (1 damage)
             ... on level 2 of the Dungeon.
             The game lasted 00:01:42 (1110 turns).

funkygono the Firebug (Gargoyle Fire Elementalist)  Turns: 1110, Time: 00:01:42

Health: 0/15       AC:  5    Str: 11    XL:     2   Next: 54%
Magic:  2/5        EV: 11    Int: 15    God:
Gold:   19         SH:  0    Dex: 10    Spells: 4/5 levels left

rFire    . . .     SeeInvis .   e - +0 club
rCold    . . .     Gourm    .   (no shield)
rNeg     + . .     Faith    .   i - +0 leather armour
rPois    ∞         Spirit   .   (no helmet)
rElec    +         Reflect  .   (no cloak)
rCorr    .         Harm     .   (no gloves)
MR       .....                  (no boots)
Stlth    ++........             (no amulet)
HPRegen  0.05/turn              (no ring)
MPRegen  0.09/turn              (no ring)

@: no status effects
A: negative energy resistance 1, electricity resistance, unbreathing,
petrification resistance, rot immunity, AC +2
a: no special abilities


You were on level 2 of the Dungeon.
You were not hungry.

You visited 1 branch of the dungeon, and saw 2 of its levels.

You collected 19 gold pieces.

Inventory:

Hand Weapons
 e - a +0 club (weapon)
Missiles
 f - 49 stones (quivered)
Armour
 a - a +0 robe
 i - a +0 leather armour (worn)
Scrolls
 d - a scroll of identify
 h - a scroll of fog {unknown}
Potions
 b - a potion of heal wounds
 g - a potion of might
Comestibles
 c - 4 rations


   Skills:
 * Level 0.1 Fighting
 * Level 0.3 Maces & Flails
 * Level 0.1 Armour
 + Level 1.6 Dodging
 + Level 2.9 Stealth
 + Level 2.1 Spellcasting
 + Level 1.1 Conjurations
 + Level 3.1 Fire Magic


You had 4 spell levels left.
You knew the following spells:

 Your Spells              Type           Power        Failure   Level  Hunger
a - Foxfire               Conj/Fire      #...         12%         1    #......

Your spell library contained the following spells:

 Spells                   Type           Power        Failure   Level  Hunger
 Conjure Flame            Conj/Fire      #.......     36%         3    ###....
 Inner Flame              Hex/Fire       #.......     41%         3    ###....
 Sticky Flame             Conj/Fire      #.......     77%         4    #####..
 Fireball                 Conj/Fire      #.........   98%         5    ######.


Dungeon Overview and Level Annotations

Branches:
Dungeon (2/15)

Altars:


Innate Abilities, Weirdness & Mutations

You are resistant to torment.
Your stone body is resilient. (AC +2)
You are immune to poison.
You resist negative energy. (rN+)
You are resistant to electric shocks. (rElec)
You can survive without breathing.
You are immune to petrification.
You are immune to rotting.


Message History

* * * LOW HITPOINT WARNING * * *
The adder barely misses you. The adder barely misses you.
Things that are here:
a +0 club; a hobgoblin corpse
Casting: Foxfire (safe; 12% risk of failure)
Confirm with . or Enter, or press ? or * to list all spells.
You conjure some foxfire!
The adder barely misses you.
You closely miss the adder.
The adder is lightly wounded.
The foxfire hits the adder.
The adder is moderately wounded.
The foxfire hits the adder.
The adder is severely wounded.
The adder misses you. The adder bites you.
* * * LOW HITPOINT WARNING * * *
Casting: Foxfire (safe; 12% risk of failure)
Confirm with . or Enter, or press ? or * to list all spells.
You conjure some foxfire!
The adder bites you.
You die...

#≈ ≈# #≈.
.≈# +..
..+
≈.###.≈#
.....≈#.#
≈.≈≈ .#
##v# ##.#
#@S# #..#
#v####)#
#.##...#
#......###
##.......#
##.###.#.#
#.## ##..#
#.# #..#
#.## ##..#


You could see an adder.

Vanquished Creatures
  An ooze (D:1)
  4 goblins
  2 hobgoblins
  A ball python (D:1)
  3 bats
  A frilled lizard (D:1)
12 creatures vanquished.

Vanquished Creatures (others)
  18 foxfires
18 creatures vanquished.

Grand Total: 30 creatures vanquished

Notes
Turn   | Place    | Note
-------+----------+-------------------------------------------
     0 | D:1      | funkygono the Gargoyle Fire Elementalist began the quest
                  | for the Orb.
     0 | D:1      | Reached XP level 1. HP: 10/10 MP: 3/3
   328 | D:1      | Reached XP level 2. HP: 10/15 MP: 5/5
  1110 | D:2      | Slain by an adder

Illustrated notes

Levels and vault maps discovered:
D:1:      dpeg_arrival_line_fractal, layout_basic
D:2:      layout_loops_cross, first_ration, hangedman_abyss_or_decor_stabs,
          mrwooster_statue_mirror, kennysheep_generic_room_11

Action                   || total
-------------------------++-------
Melee: Club              ||    17
       Unarmed           ||     1
 Cast: Foxfire           ||    15
  Use: Scroll            ||     2
 Stab: Sleeping          ||     2
  Eat: Chunk             ||     1
Armor: Robe              ||     2
       Leather armour    ||     3
Dodge: Dodged            ||    10
